 Dungeon Crawl Stone Soup version 0.17-a0-1485-g22cb0ee (webtiles) character file.

653 urechis the Grappler (level 7, 0/56 (58) HPs)
             Began as a Ghoul Monk on July 5, 2015.
             Slain by a centaur (5 damage)
             ... on level 5 of the Dungeon.
             The game lasted 00:07:42 (3930 turns).

urechis the Grappler (Ghoul Monk)                   Turns: 3930, Time: 00:07:43

HP:   0/56 (58)     AC:  5    Str: 15    XL:     7   Next: 54%
MP:   6/6           EV: 12    Int:  5    God:
Gold: 88            SH:  0    Dex: 13    Spells: 0 memorised, 6 levels left

rFire  . . .     SeeInvis .       - Unarmed
rCold  + . .     Clarity  .     p - +0 leather armour
rNeg   + + +     SustAt   .     (no shield)
rPois  ∞         Gourm    .     (no helmet)
rElec  .         Spirit   .     r - +1 cloak
rCorr  .         Warding  .     (no gloves)
rMut   .         Stasis   +     (no boots)
MR     .....                    z - amulet of stasis
Stlth  ++........               l - +3 ring of slaying
                                o - ring of teleportation (curse)

@: rotting, not resistant to hostile enchantments, unstealthy
A: rotting body, claws 1, carnivore 3, cold resistance 1, negative energy
resistance 3, slow healing 1, torment resistance, unbreathing
a: Evoke Teleportation


You were on level 5 of the Dungeon.
You were not hungry.

You visited 1 branch of the dungeon, and saw 5 of its levels.

You collected 88 gold pieces.

Inventory:

Hand weapons
 C - a +0 blowgun
Missiles
 D - 9 poisoned needles
 E - 2 curare-tipped needles
Armour
 p - a +0 leather armour (worn)
 r - a +1 cloak (worn)
 B - the +2 pair of gloves of Sidgheri {rPois rC+ Str+4 Int-3 Dex-4}
   (You found it on level 4 of the Dungeon)

   It affects your strength (+4).
   It affects your intelligence (-3).
   It affects your dexterity (-4).
   It protects you from cold.
   It protects you from poison.
Jewellery
 l - a +3 ring of slaying (right claw)
 o - a cursed ring of teleportation (left claw)
 z - an amulet of stasis (around neck)
Magical devices
 h - a wand of digging (8)
Scrolls
 d - 2 scrolls of magic mapping {unknown}
 e - a scroll of noise {unknown}
 g - a scroll of enchant weapon {unknown}
 k - a scroll of remove curse {unknown}
 n - 2 scrolls of random uselessness {unknown}
 u - 2 scrolls of identify {unknown}
 v - a scroll of enchant armour {unknown}
 x - a scroll of recharging {unknown}
 y - 2 scrolls of teleportation {unknown}
 A - a scroll of amnesia {unknown}
Potions
 c - a potion of agility {unknown}
 f - a potion of degeneration {unknown}
 i - a potion of beneficial mutation {unknown}
 j - a potion of brilliance {unknown}
 m - a potion of curing {unknown}
 s - a potion of lignification {unknown}
 t - a potion of haste {unknown}
 w - a potion of might {unknown}
Comestibles
 a - a slice of pizza
 b - 2 meat rations
 q - a beef jerky
 F - 3 chunks of flesh


   Skills:
 - Level 3.7 Fighting
 - Level 2.9 Dodging
 - Level 2.1 Stealth
 + Level 9.5 Unarmed Combat


You had 6 spell levels left.
You didn't know any spells.

Dungeon Overview and Level Annotations

Branches:
Dungeon (5/15)
 Temple: D:4-7

Altars:
Trog


Innate Abilities, Weirdness & Mutations

Your body is rotting away.
You thrive on raw meat.
You are immune to poison.
You have sharp fingernails.
You are carnivorous and can eat meat at any time.
Your flesh is cold resistant.
You are immune to negative energy.
You heal slowly when monsters are visible.
You are immune to unholy pain and torment.
You can survive without breathing.


Message History

The centaur is heavily wounded.
The centaur hits you but does no damage.
The worker ant bites you!
* * * LOW HITPOINT WARNING * * *
The centaur closely misses you.
You are too injured to fight recklessly!
You claw the centaur!
You kill the centaur!
The centaur shoots a poisoned arrow.
The poisoned arrow closely misses you. The worker ant closely misses you.
The centaur unwields an uncursed shortbow.
The centaur hits you.
* * * LOW HITPOINT WARNING * * *
The worker ant barely misses you.
The jackal bites you but does no damage.
The worker ant closely misses you.
Things that are here:
a shortbow; 14 arrows; a centaur corpse The centaur hits you.
You die...

#. .# #. #.#.#
##.## #.#.#
...........
......#.#.#
.......#.#
##..#.#.#
.##...hc@.# #
......a)#.##. #
...#..#r#... ..
#..#.#.##.###
#...........
.#.##.#(#.##.###
.......(.....#
.#....#(.(##.#
......#..(####


You could see a centaur, a worker ant, a quokka and a jackal.

Vanquished Creatures
  A centaur (D:5)
  A giant frog (D:3)
  A crimson imp (D:3)
  2 orc priests
  3 hounds
  An iguana (D:4)
  2 orc wizards (D:5)
  2 worker ants (D:4)
  6 adders (D:3)
  An ooze (D:2)
  An adder skeleton (D:4)
  4 worms
  3 giant geckos
  7 orcs
  2 bat skeletons (D:4)
  4 giant cockroaches
  15 hobgoblins
  13 kobolds
  10 bats
  5 giant newts
  13 goblins
  5 jackals
  2 quokkas
  10 rats
114 creatures vanquished.

Notes
Turn   | Place    | Note
--------------------------------------------------------------
     0 | D:1      | urechis the Ghoul Monk began the quest for the Orb.
     0 | D:1      | Reached XP level 1. HP: 19/19 MP: 0/0
   162 | D:1      | Reached XP level 2. HP: 20/26 MP: 1/1
   571 | D:1      | Reached XP level 3. HP: 30/33 MP: 2/2
   590 | D:1      | Reached skill level 5 in Unarmed Combat
   780 | D:1      | You fall through a shaft!
  1536 | D:2      | Reached XP level 4. HP: 19/38 MP: 3/3
  1677 | D:2      | Noticed a moth of wrath
  1679 | D:2      | Found a bloodstained altar of Trog.
  1892 | D:3      | Reached skill level 6 in Unarmed Combat
  1892 | D:3      | Reached XP level 5. HP: 31/45 MP: 4/4
  2066 | D:3      | Reached skill level 7 in Unarmed Combat
  2214 | D:3      | Noticed a giant frog
  2223 | D:3      | Killed a giant frog
  2223 | D:3      | Reached XP level 6. HP: 41/51 MP: 5/5
  2646 | D:4      | Reached skill level 8 in Unarmed Combat
  2962 | D:4      | Got a pair of spiked gloves
  2968 | D:4      | Identified the +2 pair of gloves of Sidgheri {rPois rC+ Str+4 Int-3 Dex-4} (You found it on level 4 of the Dungeon)
  3667 | D:4      | Reached XP level 7. HP: 39/55 MP: 6/6
  3765 | D:5      | Entered Level 5 of the Dungeon
  3805 | D:5      | Reached skill level 9 in Unarmed Combat
  3930 | D:5      | Slain by a centaur

Vault maps used:
D:1:      dpeg_arrival_leaves_temple_mockup, serial_bayou, serial_bayou_pond_d,
          serial_bayou_pond_d, serial_bayou_pond_e, serial_bayou_shore_a
D:2:      tgw_trog
D:4:      serial_glass, glass_columns_b, glass_columns_c
D:5:      nicolae_overflow_hidden_temple, first_bread

Action                   |  1- 3 |  4- 6 |  7- 9 || total
-------------------------+-------+-------+-------++-------
Melee: Unarmed           |   163 |   135 |    53 ||   351
 Stab: Sleeping          |     4 |     4 |       ||     8
  Eat: Chunk             |     4 |    18 |    11 ||    33
